 Dungeon Crawl Stone Soup version 0.22-a0-247-gbddf880 (webtiles) character file.

510 Amnesiac the Charlatan (level 6, -12/36 HPs)
             Began as a Deep Elf Artificer on Feb 24, 2018.
             Killed themself with a badly aimed fireball (22 damage)
             ... on level 5 of the Dungeon.
             The game lasted 00:06:58 (2651 turns).

Amnesiac the Charlatan (Deep Elf Artificer)         Turns: 2651, Time: 00:06:59

Health: -12/36     AC: 11    Str: 11    XL:     6   Next: 98%
Magic:  12/12      EV:  6    Int: 16    God:
Gold:   129        SH:  0    Dex: 15    Spells: 5/5 levels left

rFire    . . .     SeeInvis .   E - +2 dagger "Peatooll" {pierce, MR+} (curse)
rCold    . . .     Gourm    .   (no shield)
rNeg     . . .     Faith    +   o - +0 chain mail (curse)
rPois    .         Spirit   .   (no helmet)
rElec    .         Reflect  .   (no cloak)
rCorr    .         Harm     .   (no gloves)
MR       +....                  D - +1 pair of boots (curse)
Stlth    ..........             l - amulet of faith
HPRegen  0.12/turn              (no ring)
MPRegen  0.13/turn              (no ring)

@: no status effects
A: no striking features
a: no special abilities


You were on level 5 of the Dungeon.
You were hungry.

You visited 1 branch of the dungeon, and saw 5 of its levels.

You collected 129 gold pieces.

Inventory:

Hand Weapons
 a - a +1 whip of electrocution
 b - a +1 blowgun
 k - a +0 hunting sling
 C - a +0 hand crossbow
 E - the cursed +2 dagger "Peatooll" (weapon) {pierce, MR+}
   (You found it on level 4 of the Dungeon)

   It inflicts extra damage upon your enemies.
   It affects your resistance to hostile enchantments.
   It has a curse placed upon it.
Missiles
 i - 111 stones (quivered)
 p - 34 poisoned needles
 w - 23 sling bullets
 F - 24 bolts
Armour
 o - a cursed +0 chain mail (worn)
 D - a cursed +1 pair of boots (worn)
Magical Staves
 v - an uncursed staff of cold
Jewellery
 l - an amulet of faith (around neck)
Wands
 c - a wand of flame (7)
 d - a wand of enslavement (9)
 e - a wand of random effects (1)
Scrolls
 g - a scroll of fog {!r}
 h - 2 scrolls of enchant weapon {!r}
 r - a scroll of enchant armour {!r}
Potions
 j - a potion of heal wounds {!q}
 m - a potion of mutation {!q}
 n - a potion of might {!q, unknown}
 q - 2 potions of flight {!q}
 z - 3 potions of curing {!q}
 B - a potion of brilliance {!q}
Comestibles
 f - 5 rations


   Skills:
 + Level 2.9 Fighting
 - Level 1.0 Short Blades
 + Level 2.9 Armour
 - Level 2.4 Dodging
 - Level 1.2 Stealth
 * Level 6.5 Evocations


You had 5 spell levels left.
You didn't know any spells.

Dungeon Overview and Level Annotations

Branches:
Dungeon (5/15)
 Temple: D:4-7

Altars:
Uskayaw
Zin

Annotations:
D:3 George's ghost, amateur MiFi


Message History

The orc is moderately wounded.
The orc hits you with a trident.
* * * LOW HITPOINT WARNING * * *
Evoke which item? (* to show all) (? for menu, Esc to quit)
Aiming: Enslavement
Press: ? - help, Shift-Dir - straight line, f/p - ogre
Aim: an ogre, wielding a giant club (chance to defeat MR: 63%)
The orc barely resists.
The orc hits you but does no damage.
Evoke which item? (* to show all) (? for menu, Esc to quit)
Aiming: Enslavement
Press: ? - help, Shift-Dir - straight line, f/p - ogre
Aim: an ogre, wielding a giant club (chance to defeat MR: 63%)
The orc barely resists.
The howler monkey hoots and howls with incredible vigour!
The orc hits you with a trident.
* * * LOW HITPOINT WARNING * * *
You hear an angry hiss.
Evoke which item? (* to show all) (? for menu, Esc to quit)
Aiming: Enslavement
Press: ? - help, Shift-Dir - straight line, f/p - ogre
Aim: an ogre, wielding a giant club (chance to defeat MR: 63%)
The orc is charmed.
The howler monkey barely misses your orc.
The ogre barely misses your orc.
Okay, then.
The howler monkey hits your orc.
The howler monkey barely misses your orc.
The ogre hits your orc with a giant club!
Your orc dies!
Evoke which item? (* to show all) (? for menu, Esc to quit)
Aiming: Random Effects
Press: ? - help, Shift-Dir - straight line, f/p - ogre
Aim: an ogre, wielding a giant club The fireball explodes!
The fireball engulfs the howler monkey.
The howler monkey is severely wounded.
The fireball engulfs the ogre.
The ogre is heavily wounded.
The howler monkey hoots and howls with incredible vigour!
Evoke which item? (* to show all) (? for menu, Esc to quit)
Aiming: Random Effects
Press: ? - help, Shift-Dir - straight line, f/p - ogre
Aim: an ogre, wielding a giant club (heavily wounded)
The howler monkey seems to speed up.
Evoke which item? (* to show all) (? for menu, Esc to quit)
Aiming: Throw Flame
Press: ? - help, Shift-Dir - straight line, f/p - ogre
Aim: an ogre, wielding a giant club (heavily wounded)
The puff of flame hits the howler monkey.
You kill the howler monkey!
Your Evocations skill increases to level 6!
Evoke which item? (* to show all) (? for menu, Esc to quit)
Aiming: Random Effects
Press: ? - help, Shift-Dir - straight line, f/p - ogre
Aim: an ogre, wielding a giant club (heavily wounded)
The ogre flickers and vanishes!
Deactivating autopickup; reactivate with Ctrl-A.
Evoke which item? (* to show all) (? for menu, Esc to quit)
Aiming: Random Effects
Press: ? - help, Shift-Dir - straight line The fireball explodes!
The fireball engulfs something.
Reactivating autopickup.
You feel a bit more experienced. The fireball engulfs you!
Ouch! That really hurt!
You die...

#### ## #..# #. #.@#
#. ##)# #. #.# ##.
#)## #..
#..#############..
#................#
.....################.
..... ### ...... ##..


There were no monsters in sight!

Vanquished Creatures
  2 ogres
  A howler monkey (D:5)
  2 orc priests (D:3)
  A centaur skeleton (D:4)
  An iguana (D:4)
  Terence (D:2)
  An adder (D:2)
  A dart slug (D:3)
  A leopard gecko (D:2)
  4 orcs
  A ball python (D:1)
  5 bats
  7 giant cockroaches
  2 goblins (D:3)
  3 hobgoblins
  7 jackals
  3 kobolds
  A quokka (D:2)
  A quokka skeleton (D:4)
  6 rats
51 creatures vanquished.

Vanquished Creatures (collateral kills)
  A scorpion (D:5)
  Dowan (D:5)
  A worker ant (D:5)
  An orc (D:5)
4 creatures vanquished.

Vanquished Creatures (others)
  Duvessa (D:5)
  An orc (D:5)
2 creatures vanquished.

Grand Total: 57 creatures vanquished

Notes
Turn   | Place    | Note
-------+----------+-------------------------------------------
     0 | D:1      | Amnesiac the Deep Elf Artificer began the quest for the Orb.
     0 | D:1      | Reached XP level 1. HP: 11/11 MP: 5/5
    48 | D:1      | Reached skill level 1 in Fighting
   142 | D:1      | Reached skill level 1 in Armour
   248 | D:1      | Reached XP level 2. HP: 16/16 MP: 6/6
   897 | D:2      | Noticed Terence
  1173 | D:3      | Reached XP level 3. HP: 5/20 MP: 7/7
  1356 | D:3      | Noticed George's ghost (amateur MiFi)
  1480 | D:2      | Killed Terence
  1480 | D:2      | Reached skill level 4 in Evocations
  1536 | D:2      | Reached XP level 4. HP: 19/25 MP: 9/9
  1921 | D:3      | Reached XP level 5. HP: 17/30 MP: 10/10
  2071 | D:4      | Found a glowing silver altar of Zin.
  2179 | D:4      | Reached skill level 5 in Evocations
  2340 | D:4      | Noticed an ogre
  2342 | D:4      | Killed an ogre
  2342 | D:4      | Reached XP level 6. HP: 36/36 MP: 10/12
  2436 | D:4      | Got an iridescent dagger
  2459 | D:4      | Identified the cursed +2 dagger "Peatooll" {pierce, MR+} (You found it on level 4 of the Dungeon)
  2488 | D:4      | Found a hide-covered altar of Uskayaw.
  2512 | D:5      | Entered Level 5 of the Dungeon
  2595 | D:5      | Noticed Duvessa
  2595 | D:5      | Noticed Dowan
  2616 | D:5      | Killed Dowan
  2622 | D:5      | Your ally died
  2649 | D:5      | Reached skill level 6 in Evocations
  2651 | D:5      | Killed an ogre
  2651 | D:5      | Killed themself with a badly aimed fireball

Vault maps used:
D:1:      minmay_arrival_open_corners
D:2:      uniq_crazy_yiuf_cottage, uniq_terence, uniq_natasha
D:4:      cheibrodos_old_hovel, lemuel_coloured_pillars_altar,
          lemuel_crystal_altar
D:5:      lemuel_round_altar, first_ration, serial_bayou_crossing, uniq_duvessa

Skill      XL: |  1  2  3  4  5  6 |
---------------+-------------------+-----
Fighting       | 1 2 |  2.9
Armour         | 1 2 |  2.9
Evocations     | 4 5 6 |  6.5
Short Blades   | |  1.0
Dodging        | |  2.4
Stealth        | |  1.2

Action                   |  1- 3 |  4- 6 || total
-------------------------+-------+-------++-------
Melee: Whip              |   104 |    41 ||   145
       Dagger            |       |     1 ||     1
 Fire: Blowgun           |     4 |       ||     4
Evoke: Wand              |     5 |    23 ||    28
  Use: Potion            |     1 |     1 ||     2
       Scroll            |       |    11 ||    11
 Stab: Sleeping          |     1 |       ||     1
       Paralysed         |     5 |       ||     5
       Confused          |       |     1 ||     1
  Eat: Chunk             |     2 |     3 ||     5
Armor: Leather armour    |    28 |       ||    28
       Chain mail        |     4 |    53 ||    57
Dodge: Dodged            |    80 |    14 ||    94

Table legend:
 A = Spawn XP
 B = Non-spawn XP
 C = Spawn XP percentage of total XP
 D = Spawn monster count
 E = Non-spawn monster count
 F = Spawn count percentage of total count
 G = Total turns spent on level
                    A         B        C        D         E        F      G
               +---------+---------+-------+---------+---------+-------+---------
         Total |       0 |     729 |   0.0 |       0 |      56 |   0.0 |  2651
               +---------+---------+-------+---------+---------+-------+---------
           D:1 |       0 |      15 |   0.0 |       0 |      10 |   0.0 |   689
           D:2 |       0 |      68 |   0.0 |       0 |      12 |   0.0 |   479
           D:3 |       0 |     114 |   0.0 |       0 |      17 |   0.0 |   854
           D:4 |       0 |     211 |   0.0 |       0 |      10 |   0.0 |   490
           D:5 |       0 |     321 |   0.0 |       0 |       7 |   0.0 |   139
               +---------+---------+-------+---------+---------+-------+---------
